 Dungeon Crawl Stone Soup version 0.29-a0-1009-g60c99734e7 (webtiles) character file.

Game seed: 9156115208404600825

929 zishaf the Magician (level 8, 0/58 HPs)
             Began as a Djinni Venom Mage on Aug 8, 2022.
             Slain by a wight
             ... wielding a +1 vampiric battleaxe
              (11 damage)
             ... on level 7 of the Dungeon.
             The game lasted 00:09:19 (7159 turns).

zishaf the Magician (Djinni Venom Mage)             Turns: 7159, Time: 00:09:20

Health: 0/58       AC:  6    Str:  7    XL:     8   Next: 32%
Gold:   263        EV: 12    Int: 18    God:
                   SH:  0    Dex: 15

rFire   + + +      SeeInvis .   r - +4 falchion
rCold   . . .      Faith    .   (no shield)
rNeg    + . .      Spirit   .   a - +1 robe
rPois   ∞          Reflect  .   j - +2 helmet
rElec   .          Harm     .   k - scarf {rC+ rF+}
rCorr   .          Rampage  .   (no gloves)
Will    .....                   (boots unavailable)
Stlth   ++........              (no amulet)
HPRegen 0.19/turn               n - ring of positive energy
MPRegen 0.00/turn               (no ring)

@: flying
A: sickness immunity, fire resistance 2, cold vulnerability 1, float, innate
caster, HP casting, extra vitality 1
a: no special abilities


You were on level 7 of the Dungeon.
You visited 1 branch of the dungeon, and saw 6 of its levels.

You collected 263 gold pieces.

Inventory:

Hand Weapons
 i - a +3 dagger of venom
 r - a +4 falchion (weapon)
Armour
 a - a +1 robe (worn)
 j - a +2 helmet (worn)
 k - a scarf of resistance (worn)
Jewellery
 n - a ring of positive energy (left hand)
Wands
 b - a wand of flame (13)
Scrolls
 c - a scroll of poison
 e - a scroll of magic mapping
 f - a scroll of enchant weapon
 h - 4 scrolls of teleportation
Potions
 d - a potion of haste
 g - a potion of attraction
 l - a potion of might
 m - a potion of brilliance
 o - a potion of heal wounds
 p - a potion of mutation {unknown}
 q - a potion of lignification {unknown}


   Skills:
 + Level 4.6 Fighting
 - Level 2.1 Dodging
 - Level 1.5 Stealth
 * Level 5.8 Spellcasting
 + Level 2.8 Evocations


You had 3 spell levels left.
You knew the following spells:

 Your Spells              Type           Power      Damage    Failure   Level
a - Sting                 Tmut/Pois      100%       1d8       1%          1
b - Poisonous Vapours     Pois/Air       52%        N/A       1%          2
c - Ensorcelled Hibernat  Hex/Ice        52%        N/A       1%          2
j - Passwall              Tmut/Erth      21%        N/A       1%          2
z - Mephitic Cloud        Conj/Pois/Air  26%        N/A       3%          3
A - Olgreb's Toxic Radia  Pois           26%        N/A       11%         4
B - Beastly Appendage     Tmut           52%        N/A       1%          1
Your spell library was empty.

Dungeon Overview and Level Annotations

Branches:
Dungeon (7/15)
 Temple: D:4-7

Altars:
Hepliaklqana


Innate Abilities, Weirdness & Mutations

You are immune to sickness and miasma.
You are immune to poison.
Your flesh is very heat resistant. (rF++)
You are vulnerable to cold. (rC-)
You float through the air rather than walking.
You learn spells naturally, not from books.
Your magical power is your life essence.
You have superior vitality. (+4 MHP)


Message History

The wight is lightly damaged.
Unknown command.
There are monsters nearby!
Aiming: Throw Flame
Press: ? - help, Shift-Dir - straight line, f/p - wight
Aim: a wight, wielding a +0 long sword and wearing a +0 robe (almost destroyed, 71% to hit)
The puff of flame misses the wight. x2
A wight comes into view. It is wielding a +1 vampiric battleaxe.
You barely miss the wight.
The wight is lightly damaged.
The wight closely misses you.
You hit the wight.
The wight is lightly damaged.
The wight hits you with a +4 short sword.
The wight hits you with a +4 short sword!
You closely miss the wight.
The wight is lightly damaged.
The wight hits you with a +4 short sword.
* * * LOW HITPOINT WARNING * * *
You slash the wight!
The wight is heavily damaged.
The wight completely misses you.
You slash the wight!
The wight is almost destroyed.
The wight hits you with a +4 short sword.
* * * LOW HITPOINT WARNING * * *
The wight hits you but does no damage.
You hit the wight.
You destroy the wight!
You closely miss the wight.
The wight is severely damaged.
The wight hits you with a +0 long sword.
* * * LOW HITPOINT WARNING * * *
You hit the wight.
The wight is almost destroyed.
The wight closely misses you.
You slash the wight!
You destroy the wight!
The wight hits you with a +1 vampiric battleaxe!
You die...

...... $.....
......########## ##
......#........###.#
....)...###...# #..#
........##....###)#
...........#..)##.#
#.#....##))..).# #
#.......).#@#### #z#
##......#.#z#####..)#
#...#).##.#[##..Kz#
##....†)##.#)#...#
#.....#..##.#.#.#.#
..........##.#.....#
.................###
.......[......#.##
..........#.#...#


You could see a wight.

Vanquished Creatures
  Edmund (D:4)
  An ogre (D:4)
  A centaur (D:3)
  2 kobold brigands (D:7)
  2 scorpions
  3 wights (D:7)
  2 hounds
  Natasha (thrice) (D:4)
  Robin (D:3)
  3 adders (D:2)
  4 worms
  4 dart slugs
  4 orcs
  4 ball pythons
  8 bats
  6 endoplasms
  3 giant cockroaches
  2 hobgoblins
  4 jackals (D:2)
  16 kobolds
  2 quokkas
  3 frilled lizards
  16 goblins
  5 rats
100 creatures vanquished.

Notes
Turn   | Place    | Note
-------+----------+-------------------------------------------
     0 | D:1      | zishaf the Djinni Venom Mage began the quest for the Orb.
     0 | D:1      | zishaf set off with the following spells memorised: Sting,
                  | Poisonous Vapours, Mephitic Cloud, Olgreb's Toxic Radiance.
     0 | D:1      | Reached XP level 1. HP: 15/15 MP: 0/0
   449 | D:1      | Reached XP level 2. HP: 19/22 MP: 0/0
   798 | D:1      | Reached skill level 1 in Fighting
  1396 | D:2      | Reached skill level 3 in Spellcasting
  1396 | D:2      | Reached XP level 3. HP: 19/27 MP: 0/0
  1396 | D:2      | Learned a level 1 spell: Beastly Appendage
  1962 | D:2      | Reached XP level 4. HP: 20/33 MP: 0/0
  2533 | D:2      | Reached XP level 5. HP: 30/38 MP: 0/0
  2533 | D:2      | Learned a level 2 spell: Passwall
  3046 | D:3      | Noticed Robin
  3051 | D:3      | Killed Robin
  3204 | D:3      | Noticed a centaur
  3475 | D:3      | Killed a centaur
  3476 | D:3      | Reached skill level 4 in Spellcasting
  3476 | D:3      | Reached XP level 6. HP: 22/46 MP: 0/0
  4532 | D:4      | Noticed an ogre
  4545 | D:4      | Killed an ogre
  4546 | D:4      | Reached XP level 7. HP: 41/50 MP: 0/0
  4546 | D:4      | Learned a level 2 spell: Ensorcelled Hibernation
  4625 | D:4      | Found a hazy altar of Hepliaklqana.
  4646 | D:4      | Noticed Edmund
  4664 | D:4      | Killed Edmund
  4665 | D:4      | Reached skill level 5 in Spellcasting
  4665 | D:4      | Reached skill level 1 in Evocations
  5037 | D:4      | Noticed Natasha
  5047 | D:4      | Killed Natasha
  5314 | D:4      | Found a hazy altar of Hepliaklqana.
  5906 | D:4      | Found a hazy altar of Hepliaklqana.
  6289 | D:4      | Noticed Natasha
  6301 | D:4      | Killed Natasha
  6505 | D:4      | Found a hazy altar of Hepliaklqana.
  6803 | D:4      | Noticed Natasha
  6812 | D:4      | Killed Natasha
  6867 | D:5      | Entered Level 5 of the Dungeon
  6867 | D:5      | You are sucked into a shaft and drop 2 floors!
  6957 | D:7      | Reached XP level 8. HP: 29/58 MP: 0/0
  7159 | D:7      | Slain by a wight

Illustrated notes

Levels and vault maps discovered:
D:1:      giann_forest_graveyard, layout_loops_ring
D:2:      layout_basic, minmay_cut_off
D:3:      layout_rooms, minmay_stone_trees_medium, uniq_robin
D:4:      layout_basic, mainiacjoe_overflow_alcove_2, kennysheep_generic_room_7,
          uniq_natasha, uniq_edmund
D:5:      minmay_recursive_quarters, layout_loops_ring,
          brannock_xom_greatest_gift, ashenzari_altar_1
D:7:      layout_rooms, tgw_trog, dreamdust_princess_bridge, sigmund_army

Skill      XL: |  1  2  3  4  5  6  7 |
---------------+----------------------+-----
Fighting       | 1 2 3 4 |  4.6
Spellcasting   | 3 4 5 |  5.8
Evocations     | 2 |  2.8
Dodging        | |  2.1
Stealth        | |  1.5

Action                   |  1- 3 |  4- 6 |  7- 9 || total
-------------------------+-------+-------+-------++-------
Melee: Dagger            |     4 |     3 |    29 ||    36
       Punch             |       |       |     1 ||     1
       Falchion          |       |       |     9 ||     9
 Cast: Sting             |    62 |    74 |     7 ||   143
       Poisonous Vapours |       |     8 |    10 ||    18
       Mephitic Cloud    |       |     3 |     2 ||     5
       Olgreb's Toxic Ra |       |     2 |     2 ||     4
Evoke: Wand              |       |       |    11 ||    11
  Use: Scroll            |       |    14 |       ||    14
 Stab: Confused          |       |     1 |     1 ||     2
Armor: Robe              |     4 |     6 |    13 ||    23
Dodge: Dodged            |    14 |    38 |    24 ||    76

Table legend: (Time is in decaauts)
 A = Elapsed time spent in this place.
 B = Non-inter-level travel time spent in this place.
 C = Inter-level travel time spent in this place.
 D = Time resting spent in this place.
 E = Time spent auto-exploring this place.
 F = Levels seen in this place.
 G = Mean time per level.
                   A        B        C        D        E       F      G
               +--------+--------+--------+--------+--------+-----+--------+
         Total |   7160 |   7029 |    131 |    665 |   5643 |   6 | 1193.3 |
       Dungeon |   7160 |   7029 |    131 |    665 |   5643 |   6 | 1193.3 |
               +--------+--------+--------+--------+--------+-----+--------+

Top non-repeatable levels by time:
     D:4: 2834 daAuts
     D:2: 2025 daAuts
     D:1: 1265 daAuts
     D:3: 741 daAuts
     D:7: 293 daAuts
